 Dungeon Crawl Stone Soup version 0.29-a0-275-g389c0b56f3 (webtiles) character file.

Game seed: 11473515795017981142

72 pcat the Conjurer (level 4, 0/25 HPs)
             Began as a Deep Elf Conjurer on Mar 11, 2022.
             Slain by a centaur (4 damage)
             ... on level 3 of the Dungeon.
             The game lasted 00:03:35 (3137 turns).

pcat the Conjurer (Deep Elf Conjurer)               Turns: 3137, Time: 00:03:36

Health: 0/25       AC:  2    Str:  4    XL:     4   Next: 6%
Magic:  0/12       EV: 12    Int: 25    God:
Gold:   204        SH:  0    Dex: 13    Spells: 6/11 levels left

rFire   . . .      SeeInvis .   c - +0 club
rCold   . . .      Faith    .   (no shield)
rNeg    . . .      Spirit   .   a - +0 robe
rPois   .          Reflect  .   (no helmet)
rElec   .          Harm     .   (no cloak)
rCorr   .          Rampage  .   (no gloves)
Will    .....                   (no boots)
Stlth   ++........              (no amulet)
HPRegen 0.08/turn               (no ring)
MPRegen 0.13/turn               (no ring)

@: very slightly contaminated
A: no striking features
a: no special abilities


You were on level 3 of the Dungeon.
You visited 1 branch of the dungeon, and saw 3 of its levels.

You collected 204 gold pieces.

Inventory:

Hand Weapons
 c - a +0 club (weapon)
Missiles
 o - 5 poisoned darts
Armour
 a - a +0 robe (worn)
Jewellery
 l - the amulet "Kyfeler" {Fly rC+ Regen+ rCorr Stlth+}
   (You took it off a kobold on level 3 of the Dungeon)

   [amulet of regeneration]

   rC:        It protects you from cold.
   Fly:       It grants you flight.
   Regen:     It increases your rate of health regeneration.
   rCorr:     It protects you from acid and corrosion.
   Stlth:     It makes you more stealthy.
Scrolls
 e - a scroll of blinking {unknown}
 h - a scroll of teleportation {unknown}
 k - a scroll of magic mapping {unknown}
 m - a scroll of enchant armour {unknown}
Potions
 b - a potion of magic
 f - a potion of attraction
 g - a potion of flight {unknown}
 i - a potion of heal wounds
 j - a potion of invisibility {unknown}
 n - 2 potions of might
 p - a potion of degeneration {unknown}


   Skills:
 + Level 1.4 Fighting
 - Level 2.5 Dodging
 - Level 2.5 Stealth
 + Level 4.2 Spellcasting
 + Level 5.0 Conjurations
 + Level 0.0 Translocations


You had 6 spell levels left.
You knew the following spells:

 Your Spells              Type           Power      Damage    Failure   Level
a - Magic Dart            Conj           100%       1d8       1%          1
b - Iskenderun's Mystic   Conj/Tloc      18%        2d6       30%         4

Your spell library contained the following spells:

 Spells                   Type           Power      Damage    Failure   Level
 Searing Ray              Conj           60%        2d6       1%          2
 Static Discharge         Conj/Air       17%        N/A       4%          2
 Dazzling Flash           Conj/Hex       34%        N/A       10%         3
 Call Canine Familiar     Summ           5%         N/A       26%         3
 Gell's Gravitas          Tloc           5%         N/A       26%         3
 Portal Projectile        Hex/Tloc       10%        N/A       26%         3
 Teleport Other           Tloc           5%         N/A       26%         3
 Fulminant Prism          Conj/Hex       8%         3d7       30%         4
 Leda's Liquefaction      Hex/Erth       2%         N/A       65%         4
 Lightning Bolt           Conj/Air       8%         1d21      65%         5
 Dispersal                Tloc           2%         N/A       100%        6
 Maxwell's Capacitive Co  Air            2%         ∞         100%        8


Dungeon Overview and Level Annotations

Branches:
Dungeon (3/15)

Altars:
Fedhas

Shops:
D:3 !


Message History

The magic dart hits the centaur.
The centaur is moderately wounded.
The centaur hits you. The centaur misses you.
Unknown command.
Casting: Magic Dart (safe; 1% risk of failure)
Confirm with . or Enter, or press ? or * to list all spells.
Aiming: Magic Dart (safe; 1% risk of failure)
Press: ? - help, Shift-Dir - straight line, f/p - centaur
Aim: a centaur (moderately wounded, 100% to hit)
The magic dart hits the centaur.
The centaur is moderately wounded.
The centaur hits you. The centaur closely misses you. x2
The centaur barely misses you.
Casting: Magic Dart (safe; 1% risk of failure)
Confirm with . or Enter, or press ? or * to list all spells.
The spell is potentially lethal to miscast (30% risk of failure)!
Continue anyway?
You miscast Iskenderun's Mystic Blast.
You are very lightly contaminated with residual magic.
Nothing appears to happen.
The centaur hits you. The centaur kicks you.
Casting: Iskenderun's Mystic Blast (potentially lethal; 30% risk of failure)
Confirm with . or Enter, or press ? or * to list all spells.
The spell is potentially lethal to miscast (30% risk of failure)!
Continue anyway?
You erupt in a blast of force!
The mystic blast hits the centaur!
The centaur is severely wounded.
The centaur is knocked back by the mystic blast.
The centaur slams into the rock wall!
The centaur is almost dead.
The centaur misses you. The centaur barely misses you.
Casting: Iskenderun's Mystic Blast (potentially lethal; 30% risk of failure)
Confirm with . or Enter, or press ? or * to list all spells.
Aiming: Magic Dart (safe; 1% risk of failure)
Press: ? - help, Shift-Dir - straight line, f/p - centaur
Aim: a centaur (almost dead, 100% to hit)
The magic dart hits the centaur but does no damage.
The centaur is almost dead.
The centaur hits you.
* * * LOW HITPOINT WARNING * * *
The centaur kicks you but does no damage.
The centaur hits you.
You die...

##.#...## ##.# #.## ...##.## #..#
#.# #####.# #.## #.# #.# #.#
###.## ##'## #[# #..... ##...##
#.# #.#.## ##.....## #.## #.#.#
##.......## #..## #...#
#.........####..@### #####...##
'.........'......c...............
#.........####...###########...##
##.......###...>## ####.....
##.....## #.#### #......##
##...## #.# #.###...# ##'## #.#
#.# #...# # #.# #.# #.###...#
#####.# #.# #.....###


You could see a centaur.

Vanquished Creatures
  2 adders (D:2)
  A dart slug (D:1)
  An orc (D:3)
  4 bats
  4 endoplasms
  9 goblins
  5 hobgoblins
  A quokka (D:1)
  7 ball pythons
  5 frilled lizards
  5 kobolds
  2 rats
46 creatures vanquished.

Notes
Turn   | Place    | Note
-------+----------+-------------------------------------------
     0 | D:1      | pcat the Deep Elf Conjurer began the quest for the Orb.
     0 | D:1      | Reached XP level 1. HP: 10/10 MP: 6/6
   203 | D:1      | Reached XP level 2. HP: 16/16 MP: 6/8
  1189 | D:2      | Reached XP level 3. HP: 20/20 MP: 6/10
  1307 | D:2      | Reached skill level 1 in Fighting
  2024 | D:3      | Found Jethrifae's Distillery.
  2026 | D:3      | Reached skill level 5 in Conjurations
  2202 | D:3      | Found a blossoming altar of Fedhas.
  2298 | D:3      | Identified the amulet "Kyfeler" {Fly rC+ Regen+ rCorr
                  | Stlth+}
  2452 | D:3      | Noticed a centaur
  2580 | D:3      | Reached XP level 4. HP: 25/25 MP: 10/12
  2603 | D:3      | Learned a level 4 spell: Iskenderun's Mystic Blast
  3137 | D:3      | Slain by a centaur

Illustrated notes

Levels and vault maps discovered:
D:1:      ncdulo_lavacross, layout_basic, dk_noncrumbling_3
D:2:      layout_basic
D:3:      layout_loops_corners, fedhas_ov_isle_minmay, serial_shops, shop

Skill      XL: |  1  2  3 |
---------------+----------+-----
Fighting       | 1 |  1.4
Spellcasting   | 4 |  4.2
Conjurations   | 5 |  5.0
Dodging        | |  2.5
Stealth        | |  2.5

Action                   |  1- 3 |  4- 6 || total
-------------------------+-------+-------++-------
Melee: Club              |     5 |     1 ||     6
 Cast: Magic Dart        |    69 |    11 ||    80
       Iskenderun's Myst |       |     1 ||     1
  Use: Scroll            |       |     3 ||     3
Armor: Robe              |     1 |     3 ||     4
Dodge: Dodged            |    13 |    13 ||    26

Table legend: (Time is in decaauts)
 A = Elapsed time spent in this place.
 B = Non-inter-level travel time spent in this place.
 C = Inter-level travel time spent in this place.
 D = Time resting spent in this place.
 E = Time spent auto-exploring this place.
 F = Levels seen in this place.
 G = Mean time per level.
                   A        B        C        D        E       F      G
               +--------+--------+--------+--------+--------+-----+--------+
         Total |   3137 |   3084 |     53 |    227 |   2621 |   3 | 1045.7 |
       Dungeon |   3137 |   3084 |     53 |    227 |   2621 |   3 | 1045.7 |
               +--------+--------+--------+--------+--------+-----+--------+

Top non-repeatable levels by time:
     D:3: 1113 daAuts
     D:1: 1015 daAuts
     D:2: 1009 daAuts
